 Dungeon Crawl Stone Soup version 0.29.1-1-gd02db6906a (webtiles) character file.

Game seed: 3849906896175104483

9613 xian the Thaumaturge (level 11, -11/68 HPs)
             Began as a Demonspawn Ice Elementalist on Oct 21, 2022.
             Was an Elder of Vehumet.
             Mangled by a cyclops (18 damage)
             ... on level 12 of the Dungeon.
             The game lasted 00:40:57 (8461 turns).

xian the Thaumaturge (Demonspawn Ice Elementalist)  Turns: 8461, Time: 00:40:59

Health: -11/68     AC: 20    Str: 13    XL:     11   Next: 25%
Magic:  15/23      EV:  7    Int: 25    God:    Vehumet [****..]
Gold:   652        SH:  6    Dex: 20    Spells: 17/27 levels left

rFire   x . .      SeeInvis .   v - +0 staff of Battle
rCold   + . .      Faith    .   (no shield)
rNeg    + + .      Spirit   .   F - +3 chain mail "Soq Kuo" {*Corrode Regen+ Str+6}
rPois   .          Reflect  .   (helmet restricted)
rElec   .          Harm     .   a - +1 cloak
rCorr   .          Rampage  .   A - +0 pair of gloves
Will    .....                   j - +0 pair of boots "Joostriu" {rN++ Dex+7}
Stlth   ..........              (no amulet)
HPRegen 1.01/turn               w - ring of ice
MPRegen 0.18/turn               J - ring of wizardry

@: ice-armoured, freezing walls, studying Throwing
A: horns 1, large bone plates 2, spiny 2, demonic magic 2, clever 1, sense
surroundings 1, no potion heal 1
a: Renounce Religion


You were on level 12 of the Dungeon.
You worshipped Vehumet.
Vehumet was greatly pleased with you.
You visited 1 branch of the dungeon, and saw 11 of its levels.

You collected 652 gold pieces.

Inventory:

Hand Weapons
 e - a +0 dagger
 v - the +0 staff of Battle (weapon)
   (You found it on level 3 of the Dungeon)

   It enhances your conjuration magic.
   It summons a battlesphere in combat, with strength depending on Conjurations
   skill.
   Its strikes trigger the battlesphere's blasts.
Missiles
 C - a throwing net
Armour
 a - a +1 cloak (worn)
 j - the +0 pair of boots "Joostriu" (worn) {rN++ Dex+7}
   (You acquired it on level 11 of the Dungeon)

   Dex:       It affects your dexterity (+7).
   rN:        It greatly protects you from negative energy.
 A - a +0 pair of gloves (worn)
 F - the +3 chain mail "Soq Kuo" (worn) {*Corrode Regen+ Str+6}
   (You found it on level 6 of the Dungeon)

   Str:       It affects your strength (+6).
   Regen:     It increases your rate of health regeneration.
   *Corrode:  It may corrode you when you take damage.
Jewellery
 i - a +6 ring of strength
 w - a ring of ice (left hand)
 E - a +6 ring of dexterity
 J - a ring of wizardry (right hand)
Wands
 z - a wand of flame (17)
 M - a wand of mindburst (5)
Scrolls
 f - 4 scrolls of teleportation
 g - 2 scrolls of vulnerability {unknown}
 h - a scroll of enchant armour {unknown}
 l - a scroll of blinking {unknown}
 m - a scroll of poison {unknown}
 n - a scroll of silence {unknown}
 r - a scroll of summoning {unknown}
 t - a scroll of torment {unknown}
 y - 5 scrolls of immolation {unknown}
 B - a scroll of fear {unknown}
 D - 2 scrolls of magic mapping
 I - a scroll of fog
 K - 2 scrolls of enchant weapon
 L - a scroll of amnesia
Potions
 b - a potion of magic
 c - 2 potions of invisibility {unknown}
 d - 2 potions of resistance {unknown}
 k - 4 potions of curing
 o - 3 potions of might
 p - a potion of attraction {unknown}
 q - 2 potions of heal wounds {unknown}
 s - 2 potions of flight {unknown}
 u - a potion of cancellation {unknown}
 x - 3 potions of mutation
 G - 2 potions of lignification
 H - 2 potions of brilliance


   Skills:
 + Level 0.7 Short Blades
 + Level 0.1 Staves
 + Level 5.0 Armour
 + Level 2.0 Dodging
 + Level 4.9 Stealth
 + Level 1.1 Shields
 + Level 8.9 Spellcasting
 + Level 6.2 Conjurations
 + Level 7.5 Ice Magic
 * Level 7.9 Air Magic


You had 17 spell levels left.
You knew the following spells:

 Your Spells              Type           Power      Damage    Failure   Level
a - Freeze                Ice            100%       1d11      1%          1
b - Shock                 Conj/Air       100%       1d9       1%          1
c - Frozen Ramparts       Ice            100%       1d16      2%          3
d - Ozocubu's Armour      Ice            65%        N/A       8%          3
e - Static Discharge      Conj/Air       63%        3-11/arc  1%          2

Your spell library contained the following spells:

 Spells                   Type           Power      Damage    Failure   Level
 Dazzling Flash           Conj/Hex       80%        N/A       13%         3
 Hailstorm                Conj/Ice       80%        3d16      10%         4
 Sticky Flame             Conj/Fire      40%        2d6       34%         4
 Beastly Appendage        Tmut           22%        N/A       47%         1
 Sublimation of Blood     Necr           11%        N/A       61%         2
 Wereblood                Tmut           11%        N/A       61%         2
 Irradiate                Conj/Tmut      20%        3d18      65%         5
 Spider Form              Tmut/Pois      11%        N/A       83%         3
 Metabolic Englaciation   Hex/Ice        22%        N/A       96%         5
 Dispel Undead            Necr           11%        3d9       99%         4
 Petrify                  Tmut/Erth      11%        N/A       99%         4
 Statue Form              Tmut/Erth      7%         N/A       100%        6


Dungeon Overview and Level Annotations

Branches:
Dungeon (12/15)            Temple (0/1) D:6             Orc (0/2) D:11
   Lair: D:8-11

Altars:
Cheibriados
Fedhas
Gozag
Kikubaaqudgha
Nemelex Xobeh
Qazlal
Sif Muna
Trog
Uskayaw
Vehumet
Xom
Yredelemnul

Shops:
D:1 (   D:5 :

Annotations:
D:5 Spells


Innate Abilities, Weirdness & Mutations

You have a pair of small horns on your head.
You are mostly covered in large bone plates. (SH +6)
You are mostly covered in sharp spines.
Spells you cast may paralyse nearby enemies.
Your mind is acute. (Int +4, Str/Dex -1)
You passively map a small area around you.
Potions are less effective at restoring your health.


Message History

Confirm with . or Enter, or press ? or * to list all spells.
You feel a surge of power! A film of ice covers your body!
Malevolent energies surge around you.
The purple ugly thing suddenly stops moving!
Unknown command.
The helpless purple ugly thing fails to defend itself.
You hit the purple ugly thing.
The purple ugly thing is moderately wounded.
Your battlesphere fires!
The barrage of energy hits the purple ugly thing!
The purple ugly thing is moderately wounded.
Unknown command.
The helpless purple ugly thing fails to defend itself.
You hit the purple ugly thing but do no damage.
The purple ugly thing is moderately wounded.
Your battlesphere fires!
The barrage of energy hits the purple ugly thing!
The purple ugly thing is heavily wounded.
The cyclops throws a large rock.
The large rock hits you!
* * * LOW HITPOINT WARNING * * *
The helpless purple ugly thing fails to defend itself.
You hit the purple ugly thing. You headbutt the purple ugly thing!
The purple ugly thing is heavily wounded.
Your battlesphere fires!
The barrage of energy hits the purple ugly thing!
The purple ugly thing is severely wounded.
Unknown command.
The helpless purple ugly thing fails to defend itself.
You hit the purple ugly thing but do no damage.
You headbutt the purple ugly thing, but do no damage.
The purple ugly thing is severely wounded.
The purple ugly thing is no longer paralysed.
Your battlesphere fires!
The barrage of energy hits the purple ugly thing!
The purple ugly thing is almost dead.
The purple ugly thing claws you!
* * * LOW HITPOINT WARNING * * *
The wall freezes the cyclops!!
The cyclops is struck by your spines. The cyclops hits you!!
You die...

#.#.....#.# ,
#.#.....#.###### ,, #,
#.#.....#......# ,, .#
#.'.....#......#######...
#.#######................
#...................^....
#...........*............
,
#...........u....#########
#..........@.....#........
,
#.........C#####'#........
#..........#..............
,
#..........#.........#####
#..........#.........# , ,
#..........#.........# ,,
#..........#.........##,
,, #.######...###........#
,, #.# #.....#........#,


You could see a purple ugly thing, a cyclops (ally target) and a friendly
battlesphere.

Vanquished Creatures
  2 hydras (D:11)
  A catoblepas (D:10)
  2 manticores
  An unseen horror (D:11)
  A kobold demonologist (D:6)
  A troll (D:11)
  2 hornets (D:11)
  Grinder (D:3)
  Sigmund (D:2)
  11 yaks
  A vampire (D:10)
  A wraith (D:11)
  2 vampire mosquitoes (D:12)
  A steam dragon (D:6)
  2 acid dragons (D:11)
  A water moccasin (D:6)
  An orc warrior (D:10)
  An ice beast (D:8)
  3 centaurs
  3 ogres
  A phantom (D:7)
  Blork the orc (D:4)
  A kobold brigand (D:6)
  A bullfrog (D:7)
  A necrophage (D:5)
  6 scorpions
  4 wights (D:7)
  11 killer bees
  2 howler monkeys (D:10)
  4 hounds
  A jelly (D:6)
  3 orc priests
  Crazy Yiuf (D:4)
  3 gnoll boudas
  3 iguanas
  Natasha (thrice) (D:2)
  4 orc wizards
  Robin (D:2)
  8 adders
  6 gnolls (D:6)
  A shadow imp (D:7)
  2 ufetubi
  A worm (D:5)
  2 dart slugs
  15 orcs
  5 endoplasms
  3 giant cockroaches
  17 goblins
  7 hobgoblins
  6 jackals
  7 kobolds
  4 quokkas
  6 ball pythons
  6 bats
  9 frilled lizards
  3 rats
198 creatures vanquished.

Notes
Turn   | Place    | Note
-------+----------+-------------------------------------------
     0 | D:1      | xian the Demonspawn Ice Elementalist began the quest for
                  | the Orb.
     0 | D:1      | Reached XP level 1. HP: 13/13 MP: 3/3
   349 | D:1      | Gained mutation: You are partially covered in large bone
                  | plates. (SH +4) [demonic ancestry]
   349 | D:1      | Reached XP level 2. HP: 19/19 MP: 1/5
   776 | D:1      | Found Xextazecsu's Antique Weapon Emporium.
   920 | D:1      | Found a faded altar of an unknown god.
   928 | D:1      | Prayed at the altar of an unknown god.
   928 | D:1      | Became a worshipper of Vehumet
   928 | D:1      | Reached * piety under Vehumet
   928 | D:1      | Offered knowledge of Shock by Vehumet.
   938 | D:1      | Learned a level 1 spell: Shock
  1308 | D:2      | Noticed Robin
  1339 | D:1      | Gained mutation: Spells you cast may paralyse adjacent
                  | enemies. [demonic ancestry]
  1339 | D:1      | Reached XP level 3. HP: 11/24 MP: 0/6
  1507 | D:1      | Learned a level 3 spell: Frozen Ramparts
  1511 | D:2      | Killed Robin
  1644 | D:2      | Noticed Natasha
  1650 | D:2      | Killed Natasha
  1651 | D:2      | Reached skill level 1 in Air Magic
  1651 | D:2      | Gained mutation: You are partially covered in sharp spines.
                  | [demonic ancestry]
  1651 | D:2      | Reached XP level 4. HP: 22/30 MP: 2/7
  1733 | D:2      | Offered knowledge of Magic Dart by Vehumet.
  1757 | D:2      | Noticed Natasha
  1763 | D:2      | Killed Natasha
  1833 | D:2      | Reached ** piety under Vehumet
  2291 | D:2      | Noticed Natasha
  2291 | D:2      | Noticed Sigmund
  2296 | D:2      | Killed Natasha
  2297 | D:2      | Reached XP level 5. HP: 35/35 MP: 5/9
  2307 | D:2      | Killed Sigmund
  2308 | D:2      | Reached skill level 3 in Spellcasting
  2308 | D:2      | Reached skill level 5 in Ice Magic
  2308 | D:2      | Gained mutation: You are mostly covered in sharp spines.
                  | [demonic ancestry]
  2308 | D:2      | Reached XP level 6. HP: 32/41 MP: 0/11
  2703 | D:3      | Found the +0 staff of Battle
  2876 | D:3      | Noticed Grinder
  2894 | D:3      | Killed Grinder
  2895 | D:3      | Reached skill level 4 in Spellcasting
  2895 | D:3      | Gained mutation: You have a pair of small horns on your
                  | head. [demonic ancestry]
  2895 | D:3      | Reached XP level 7. HP: 46/46 MP: 2/13
  3406 | D:4      | Offered knowledge of Mephitic Cloud by Vehumet.
  4002 | D:4      | Reached skill level 1 in Armour
  4003 | D:4      | Reached *** piety under Vehumet
  4058 | D:4      | Noticed Blork the orc
  4066 | D:4      | Killed Blork the orc
  4116 | D:4      | Found a runed translucent door.
  4117 | D:4      | Noticed Crazy Yiuf
  4125 | D:4      | Learned a level 3 spell: Ozocubu's Armour
  4127 | D:4      | Killed Crazy Yiuf
  4223 | D:5      | Entered Level 5 of the Dungeon
  4228 | D:5      | Reached XP level 8. HP: 52/52 MP: 13/15
  4840 | D:5      | Found Agolama's Book Boutique.
  4850 | D:5      | Offered knowledge of Olgreb's Toxic Radiance by Vehumet.
  4854 | D:5      | Reached skill level 5 in Spellcasting
  5084 | D:6      | Reached skill level 1 in Conjurations
  5372 | D:6      | Identified the +3 chain mail "Soq Kuo" {*Corrode Regen+
                  | Str+6}
  5432 | D:6      | Gained mutation: You are mostly covered in large bone
                  | plates. (SH +6) [demonic ancestry]
  5432 | D:6      | Reached XP level 9. HP: 39/57 MP: 12/17
  5444 | D:6      | Reached **** piety under Vehumet
  5445 | D:6      | Reached skill level 5 in Air Magic
  5493 | D:6      | Noticed a kobold demonologist
  5499 | D:6      | Killed a kobold demonologist
  5500 | D:6      | Reached skill level 6 in Spellcasting
  5551 | D:6      | Found a staircase to the Ecumenical Temple.
  6003 | D:7      | Found a shimmering altar of Xom.
  6004 | D:7      | Found a shimmering altar of Xom.
  6004 | D:7      | Found a shimmering altar of Xom.
  6005 | D:7      | Found a shimmering altar of Xom.
  6005 | D:7      | Found a shimmering altar of Xom.
  6006 | D:7      | Found a shimmering altar of Xom.
  6006 | D:7      | Found a shimmering altar of Xom.
  6006 | D:7      | Found a shimmering altar of Xom.
  6012 | D:7      | Offered knowledge of Dazzling Flash by Vehumet.
  6016 | D:7      | Learned a level 2 spell: Static Discharge
  6077 | D:7      | Found a hide-covered altar of Uskayaw.
  6085 | D:7      | Found a basalt altar of Yredelemnul.
  6087 | D:7      | Found a faded altar of an unknown god.
  6089 | D:7      | Found a stormy altar of Qazlal.
  6131 | D:7      | Noticed a meliai
  6365 | D:8      | Reached skill level 7 in Spellcasting
  6518 | D:8      | Found a shimmering blue altar of Sif Muna.
  6519 | D:8      | Found a radiant altar of Vehumet.
  6519 | D:8      | Found a bloodstained altar of Trog.
  6519 | D:8      | You fall into a shaft and drop 2 floors!
  6519 | D:10     | Entered Level 10 of the Dungeon
  6649 | D:10     | Found a blossoming altar of Fedhas.
  6651 | D:10     | Found an opulent altar of Gozag.
  6651 | D:10     | Found an ancient bone altar of Kikubaaqudgha.
  6666 | D:10     | Found a snail-covered altar of Cheibriados.
  6671 | D:10     | Found a sparkling altar of Nemelex Xobeh.
  6772 | D:10     | Gained mutation: Potions are less effective at restoring
                  | your health. [potion of mutation]
  6772 | D:10     | Gained mutation: You passively map a small area around you.
                  | [potion of mutation]
  6772 | D:10     | Gained mutation: Your mind is acute. (Int +4, Str/Dex -1)
                  | [potion of mutation]
  6779 | D:10     | Reached XP level 10. HP: 62/63 MP: 18/21
  6800 | D:10     | Noticed a manticore
  6800 | D:10     | Noticed a catoblepas
  6806 | D:10     | Killed a manticore
  6810 | D:10     | Killed a catoblepas
  6811 | D:10     | Reached skill level 5 in Conjurations
  7102 | D:10     | Reached skill level 8 in Spellcasting
  7482 | D:11     | Identified a scroll of acquirement
  7485 | D:11     | Acquired the +0 pair of boots "Joostriu" {rN++ Dex+7}
  7577 | D:11     | Noticed a seven-headed hydra
  7580 | D:11     | Killed a seven-headed hydra
  7652 | D:11     | Found a staircase to the Orcish Mines.
  7742 | D:11     | Noticed a manticore
  7760 | D:11     | Killed a manticore
  7761 | D:11     | Reached skill level 1 in Shields
  7819 | D:11     | Noticed a six-headed hydra
  7824 | D:11     | Killed a six-headed hydra
  7825 | D:11     | Gained mutation: Spells you cast may paralyse nearby
                  | enemies. [demonic ancestry]
  7825 | D:11     | Reached XP level 11. HP: 57/68 MP: 18/23
  8013 | D:11     | Reached skill level 5 in Armour
  8449 | D:12     | Noticed a purple ugly thing
  8461 | D:12     | Mangled by a cyclops

Illustrated notes

Levels and vault maps discovered:
D:1:      amcnicky_arrival_underground_garden, layout_loops_ring, serial_shops,
          shop_statue, hellmonk_ecumenical_altar_heavens_door, chequers_jeans,
          minmay_misc_feat_room, minmay_shallow_snake_nest
D:2:      layout_loops_ring, uniq_sigmund, uniq_natasha, uniq_robin
D:3:      layout_loops_ring, uniq_grinder
D:4:      minmay_angry_zag, layout_rooms, grunt_ministairs_5,
          uniq_blork_the_orc, uniq_crazy_yiuf_cottage
D:5:      layout_basic, serial_shops, shop, nrook_mini_backslash,
          kennysheep_generic_room_4
D:6:      layout_cave_pools, minmay_temple_entry_butterflies,
          minmay_manual_monstrance
D:7:      layout_rooms, xom_shifter_show, chequers_temple_overflow_minitemple
D:8:      layout_loops_cross, grunt_temple_overflow_order_and_chaos_2,
          nicolae_overflow_quartered_altars, lair_entry_dummy
D:10:     nzn_motion_control, layout_loops_ring,
          minmay_overflow_temple_star_hex, minivault_1, dreamdust_gnoll_shepherd
D:11:     layout_rooms, orc_0_dummy, minmay_increasing_density
D:12:     layout_irregular_city, serial_shops, shop, uniq_sonja

Skill      XL: |  1  2  3  4  5  6  7  8  9 10 11 |
---------------+----------------------------------+-----
Ice Magic      | 4 5 6 7 |  7.5
Stealth        | 2 3 4 |  4.9
Air Magic      | 1 2 3 4 6 7 |  7.9
Dodging        | 2 |  2.0
Spellcasting   | 3 4 5 7 8 |  8.9
Armour         | 1 2 3 4 5 |  5.0
Conjurations   | 3 4 5 6 |  6.2
Shields        | 1 |  1.1
Short Blades   | |  0.7
Staves         | |  0.1

Action                   |  1- 3 |  4- 6 |  7- 9 | 10-12 || total
-------------------------+-------+-------+-------+-------++-------
Melee: Unarmed           |     1 |       |       |       ||     1
       Dagger            |    10 |    12 |    12 |       ||    34
       Headbutt          |       |       |     5 |     3 ||     8
       Staff             |       |       |     6 |     9 ||    15
       Punch             |       |       |       |     1 ||     1
 Cast: Freeze            |    49 |    39 |    17 |       ||   105
       Frozen Ramparts   |     2 |     5 |    25 |    13 ||    45
       Shock             |       |     3 |   135 |    56 ||   194
       Ozocubu's Armour  |       |       |     1 |     7 ||     8
       Static Discharge  |       |       |       |     9 ||     9
  Use: Scroll            |       |     1 |       |     9 ||    10
       Potion            |       |       |     2 |       ||     2
 Stab: Paralysed         |       |     6 |    10 |     8 ||    24
Armor: Robe              |     2 |       |       |       ||     2
       Ring mail         |    21 |    12 |     9 |       ||    42
       Chain mail        |       |       |    16 |    15 ||    31
Dodge: Dodged            |    25 |     7 |    18 |     8 ||    58
Block: Other             |     6 |     7 |     7 |    12 ||    32
